 Dungeon Crawl Stone Soup version 0.31-a0-1611-g890cdf5628 (webtiles) character file.

Game seed: 14162795059544837161

566 Laraso the Shooter (level 7, 43/52 HPs)
             Began as a Grey Draconian Hexslinger on Jan 9, 2024.
             Was an Initiate of Nemelex Xobeh.
             Quit the game on level 4 of the Dungeon.
             The game lasted 00:04:07 (2890 turns).

Laraso the Shooter (Grey Draconian Hexslinger)      Turns: 2890, Time: 00:04:08

Health: 43/52      AC: 15    Str: 13    XL:     7   Next: 10%
Magic:  5/8        EV: 12    Int: 13    God:    Nemelex Xobeh [......]
Gold:   153        SH:  0    Dex: 16    Spells: 6/8 levels left

rFire   . . .        q - +6 sling of Pestilence {freeze, +Blink Fly rN+ Str+3}
rCold   . . .        (no shield)
rNeg    + . .        (body armour unavailable)
rPois   .            (helmet restricted)
rElec   .            p - +1 cloak
rCorr   .            g - +0 pair of gloves
SInv    .            a - +0 pair of boots
Will    .....        (no amulet)
Stlth   +            e - ring of wizardry
HPRegen 0.28/turn    c - ring of flight
MPRegen 0.11/turn

%: wizardry (x1)
@: weak-willed, jinxed, flying
A: AC +11, amphibious, unfitting armour, cold-blooded
a: Renounce Religion, Evoke Blink, Draw Escape, Draw Destruction, Draw Summoning


You were on level 4 of the Dungeon.
You worshipped Nemelex Xobeh.
Nemelex Xobeh was noncommittal.
You visited 1 branch of the dungeon, and saw 4 of its levels.

You collected 153 gold pieces.

Inventory:

Hand Weapons
 q - the +6 sling of Pestilence (weapon) {freeze, +Blink Fly rN+ Str+3}
   (You found it on level 3 of the Dungeon)

   Str+3:     It affects your strength (+3).
   rN+:       It protects you from negative energy.
   Fly:       It grants you flight.
   +Blink:    It lets you blink.
Armour
 a - a +0 pair of boots (worn)
 g - a +0 pair of gloves (worn)
 p - a +1 cloak (worn)
Jewellery
 c - a ring of flight (right hand)
 e - a ring of wizardry (left hand)
Wands
 s - a wand of mindburst (10)
Scrolls
 b - a scroll of poison
 f - a scroll of amnesia
 i - a scroll of blinking
 l - 3 scrolls of noise
 n - a scroll of enchant weapon
 r - a scroll of revelation
Potions
 d - 3 potions of curing {unknown}
 h - 3 potions of heal wounds {unknown}
 j - a potion of cancellation {unknown}
 k - a potion of haste {unknown}
 m - a potion of attraction {unknown}
 o - 2 potions of mutation {unknown}
 v - a potion of ambrosia {unknown}


   Skills:
 - Level 1.1 Fighting
 * Level 5.9 Ranged Weapons
 - Level 1.7 Dodging
 - Level 1.0 Spellcasting
 + Level 4.8 Hexes
 - Level 1.0 Fire Magic


You had 6 spell levels left.
You knew the following spells:

 Your Spells              Type           Power      Damage    Failure   Level
a - Jinxbite              Hex            26%        N/A       2%          2

Your spell library contained the following spells:

 Spells                   Type           Power      Damage    Failure   Level
 Confusing Touch          Hex            13%        N/A       4%          3
 Sigil of Binding         Hex            13%        N/A       4%          3
 Inner Flame              Hex/Fire       8%         N/A       11%         3
 Kiss of Death            Conj/Necr      0%         2d5       12%         1
 Cigotuvi's Dreadful Rot  Necr/Alch/Air  0%         N/A       16%         2
 Static Discharge         Conj/Air       0%         3-3/arc   16%         2
 Cause Fear               Hex            6%         N/A       16%         4
 Mephitic Cloud           Conj/Alch/Air  0%         N/A       32%         3
 Dimensional Bullseye     Hex/Tloc       3%         N/A       38%         4
 Ignite Poison            Fire/Alch      1%         N/A       63%         4
 Dispel Undead            Necr           0%         3d6       69%         4
 Freezing Cloud           Conj/Ice/Air   0%         6-21      95%         5
 Conjure Ball Lightning   Conj/Air       0%         3x3d6     100%        6


Dungeon Overview and Level Annotations

Branches:
Dungeon (4/15)
 Temple: D:4-7

Altars:
Ashenzari
Elyvilon
Kikubaaqudgha
Nemelex Xobeh
Okawaru
Trog
Uskayaw


Innate Abilities, Weirdness & Mutations

Your dull iron-grey scales are very hard. (AC +11)
You are amphibious.
You cannot fit into any form of body armour.
You are cold-blooded and may be slowed by cold attacks.


Message History

An endoplasm is nearby!
An endoplasm is nearby!
You shoot a sling bullet. The sling bullet hits the endoplasm!
The sling bullet freezes the endoplasm.
You kill the endoplasm!
No target in view!
No target in view!
An ogre comes into view. It is wielding a +0 giant club.
An ogre is nearby!
An ogre is nearby!
An ogre is nearby!
You shoot a sling bullet. The sling bullet hits the ogre!
The sling bullet freezes the ogre.
The ogre shouts!
The ogre is moderately wounded.
Casting: Jinxbite (safe; 2% risk of failure)
Confirm with . or Enter, or press ? or * to list all spells.
You beckon some vexing sprites to accompany your attacks.
You feel your willpower being sapped.
You shoot a sling bullet. The sling bullet hits the ogre.
The sling bullet freezes the ogre.
The ogre is heavily wounded.
You shoot a sling bullet.
The sling bullet barely misses the ogre.
A giggling sprite leaps out and makes the ogre trip over its own feet.
The ogre is severely wounded.
The ogre hits you with a +0 giant club!
You shoot a sling bullet.
The sling bullet hits the ogre but does no damage.
The ogre is severely wounded.
A giggling sprite leaps out and bonks the ogre with its +0 giant club.
The ogre is severely wounded.
The ogre closely misses you.
You shoot a sling bullet. The sling bullet hits the ogre!
The sling bullet freezes the ogre.
You kill the ogre!
You have reached level 7!
Your scales start taking on a dull iron-grey colour.
You learn Air Magic much slower.
You learn Earth Magic much quicker.
Are you sure you want to abandon this character and quit the game? (Confirm with "yes".)

#####......###.#
#.....####.###.#
#.###....#.##...
#.###.##.#.##.##
###.##...#.#....##
######......_......####
#.......#.#..[##.### #
##...###.#.##.###.# #
#......@.#....#*#.######
#.....##)####..,..#.....
#....,*#...,..#*###..##.
######.>...........,#.##.##.
#######.####.#####**#....##.
####.........## #..####.
####.##.##.#### #..####.
###........#######**#.......
###..##............###.#####


There were no monsters in sight!

Vanquished Creatures
  Edmund (D:4)
  A black bear (D:3)
  2 ogres (D:4)
  Crazy Yiuf (D:3)
  Terence (D:3)
  An iguana (D:4)
  3 adders
  2 dart slugs (D:2)
  A bat (D:3)
  9 endoplasms
  8 giant cockroaches
  6 goblins
  7 hobgoblins
  8 quokkas
  6 ball pythons
  A frilled lizard (D:2)
  7 kobolds
  6 rats
71 creatures vanquished.

Notes
Turn   | Place    | Note
-------+----------+-------------------------------------------
     0 | D:1      | Laraso the Draconian Hexslinger began the quest for the
                  | Orb.
     0 | D:1      | Reached XP level 1. HP: 16/16 MP: 2/2
    36 | D:1      | Reached skill level 2 in Ranged Weapons
    97 | D:1      | Reached XP level 2. HP: 23/23 MP: 3/3
   249 | D:1      | Learned a level 2 spell: Jinxbite
   667 | D:2      | Reached XP level 3. HP: 27/28 MP: 1/4
   943 | D:2      | Reached skill level 3 in Ranged Weapons
  1492 | D:3      | Found a sparkling altar of Nemelex Xobeh.
  1523 | D:3      | Found an iron altar of Okawaru.
  1532 | D:3      | Became a worshipper of Nemelex Xobeh the Trickster
  1546 | D:3      | Identified the +6 sling of Pestilence {freeze, +Blink Fly
                  | rN+ Str+3}
  1563 | D:3      | Reached XP level 4. HP: 35/35 MP: 5/5
  1582 | D:3      | Found a hide-covered altar of Uskayaw.
  1582 | D:3      | Noticed a +0 spear
  1582 | D:3      | Noticed a +0 dagger
  1582 | D:3      | Noticed a +0 falchion
  1584 | D:3      | Noticed a +0 falchion
  1584 | D:3      | Noticed a +0 short sword
  1584 | D:3      | Noticed a +0 short sword
  1584 | D:3      | Noticed a +0 dagger
  1585 | D:3      | Noticed a +0 spear
  1593 | D:3      | Noticed Terence
  1600 | D:3      | Killed Terence
  1795 | D:3      | Found an ancient bone altar of Kikubaaqudgha.
  1865 | D:3      | Got the Annotations on the Welkin and Bad Luck
  1908 | D:3      | Noticed a black bear
  1914 | D:3      | Killed a black bear
  1915 | D:3      | Reached skill level 4 in Ranged Weapons
  1915 | D:3      | Reached XP level 5. HP: 40/40 MP: 3/6
  2054 | D:3      | Found a runed translucent door.
  2055 | D:3      | Noticed Crazy Yiuf
  2172 | D:3      | Killed Crazy Yiuf
  2382 | D:3      | Found a white marble altar of Elyvilon.
  2386 | D:3      | Found a bloodstained altar of Trog.
  2470 | D:4      | Noticed an ogre
  2476 | D:4      | Killed an ogre
  2477 | D:4      | Reached skill level 5 in Ranged Weapons
  2477 | D:4      | Reached XP level 6. HP: 33/47 MP: 4/7
  2707 | D:4      | Noticed Edmund
  2719 | D:4      | Killed Edmund
  2862 | D:4      | Found a broken altar of Ashenzari.
  2890 | D:4      | Your scales start taking on a dull iron-grey colour.
  2890 | D:4      | Reached XP level 7. HP: 43/52 MP: 5/8
  2890 | D:4      | Quit the game

Illustrated notes

Levels and vault maps discovered:
D:1:      dpeg_arrival_rooms_b, layout_rooms
D:2:      layout_loops_ring, nicolae_twisty_statue_hallways
D:3:      layout_rooms, jmf_multi_god_temple2, nicolae_uskayaw_en_pointe,
          kiku_gazebo_garden_becter, chequers_temple_overflow_statue_of_worship,
          chequers_serial_rivers_micro_c, minmay_quadrilaterals,
          uniq_crazy_yiuf_cottage, uniq_terence
D:4:      layout_loops_cross, nicolae_overflow_crystal_walls,
          mainiacjoe_overflow_alcove_1, xom_teletrap_fun, uniq_edmund

Skill      XL: |  1  2  3  4  5 |
---------------+----------------+-----
Ranged Weapons | 2 3 4 5 |  5.9
Hexes          | 3 4 |  4.8
Fighting       | |  1.1
Dodging        | |  1.7
Spellcasting   | |  1.0
Fire Magic     | |  1.0

Action                     |  1- 3 |  4- 6 |  7- 9 || total
---------------------------+-------+-------+-------++-------
   Fire: Sling             |   131 |    72 |       ||   203
   Cast: Jinxbite          |    16 |    10 |       ||    26
Ability: Evoke Blink       |       |     1 |       ||     1
    Use: Scroll            |       |     9 |       ||     9
 Armour: Skin              |    26 |    17 |       ||    43
  Dodge: Dodged            |    39 |    19 |       ||    58

Table legend: (Time is in decaauts)
 A = Elapsed time spent in this place.
 B = Non-inter-level travel time spent in this place.
 C = Inter-level travel time spent in this place.
 D = Time resting spent in this place.
 E = Time spent auto-exploring this place.
 F = Levels seen in this place.
 G = Mean time per level.
                   A        B        C        D        E       F      G
               +--------+--------+--------+--------+--------+-----+--------+
         Total |   2939 |   2775 |    164 |    120 |   2182 |   4 |  734.8 |
       Dungeon |   2939 |   2775 |    164 |    120 |   2182 |   4 |  734.8 |
               +--------+--------+--------+--------+--------+-----+--------+

Top non-repeatable levels by time:
     D:3: 935 daAuts
     D:2: 849 daAuts
     D:1: 681 daAuts
     D:4: 473 daAuts
